 Dungeon Crawl Stone Soup version 0.27.1-1-g398f81649c (webtiles) character file.

Game seed: 3683407498390184155

411 MisterFreud the Shield-Bearer (level 6, -1/53 HPs)
             Began as a Gnoll Fighter on Sept 6, 2021.
             Slain by an ogre (17 damage)
             ... on level 5 of the Dungeon.
             The game lasted 00:04:58 (3698 turns).

MisterFreud the Shield-Bearer (Gnoll Fighter)       Turns: 3698, Time: 00:04:59

Health: -1/53      AC:  9    Str: 15    XL:     6   Next: 90%
Magic:  9/9        EV:  8    Int: 10    God:
Gold:   222        SH: 10    Dex: 11    Spells: 9/9 levels left

rFire    + . .     SeeInvis .   a - +0 rapier
rCold    . . .     Faith    .   c - +0 kite shield
rNeg     . . .     Spirit   .   b - +0 scale mail
rPois    .         Reflect  .   r - +0 helmet
rElec    .         Harm     .   (no cloak)
rCorr    .         Rampage  .   (no gloves)
Will     .....                  (no boots)
Stlth    ..........             m - amulet of regeneration
HPRegen  1.17/turn              k - ring of protection from fire
MPRegen  0.11/turn              (no ring)

@: no status effects
A: fangs 1, strong nose, distributed training
a: no special abilities


You were on level 5 of the Dungeon.
You visited 1 branch of the dungeon, and saw 5 of its levels.

You collected 222 gold pieces.

Inventory:

Hand Weapons
 a - a +0 rapier (weapon)
Missiles
 h - 2 atropa-tipped darts (quivered)
 i - 10 poisoned darts
 q - 2 silver boomerangs
 x - a throwing net
Armour
 b - a +0 scale mail (worn)
 c - a +0 kite shield (worn)
 r - a +0 helmet (worn)
Jewellery
 k - a ring of protection from fire (left hand)
 m - an amulet of regeneration (around neck)
Wands
 C - a wand of flame (10)
Scrolls
 e - a scroll of identify
 f - 2 scrolls of amnesia {unknown}
 n - a scroll of acquirement {unknown}
 o - a scroll of blinking {unknown}
 p - a scroll of summoning {unknown}
 t - a scroll of vulnerability {unknown}
 v - 2 scrolls of enchant armour {unknown}
 w - a scroll of noise {unknown}
 y - 2 scrolls of teleportation {unknown}
Potions
 d - a potion of might
 g - a potion of attraction
 j - 2 potions of mutation
 l - 2 potions of brilliance
 s - 2 potions of haste
 u - a potion of lignification
 z - 2 potions of flight
 A - a potion of berserk rage {unknown}
 B - a potion of ambrosia {unknown}


   Skills:
 + Level 6.9 Fighting
 + Level 5.1 Short Blades
 + Level 2.1 Long Blades
 + Level 2.1 Axes
 + Level 2.1 Maces & Flails
 + Level 2.1 Polearms
 + Level 2.1 Staves
 + Level 2.1 Slings
 + Level 2.1 Bows
 + Level 2.1 Crossbows
 + Level 2.1 Throwing
 + Level 6.9 Armour
 + Level 2.1 Dodging
 + Level 2.1 Stealth
 + Level 6.9 Shields
 + Level 2.1 Unarmed Combat
 + Level 2.1 Spellcasting
 + Level 1.7 Conjurations
 + Level 1.7 Hexes
 + Level 1.7 Summonings
 + Level 1.7 Necromancy
 + Level 1.7 Translocations
 + Level 1.7 Transmutations
 + Level 1.7 Fire Magic
 + Level 1.7 Ice Magic
 + Level 1.7 Air Magic
 + Level 1.7 Earth Magic
 + Level 1.7 Poison Magic
 + Level 2.4 Invocations
 + Level 2.1 Evocations


You had 9 spell levels left.
You didn't know any spells.
Your spell library contained the following spells:

 Spells                   Type           Power      Damage    Failure   Level
 Animate Skeleton         Necr           8%         N/A       82%         1
 Pain                     Necr           16%        1d4       82%         1
 Vampiric Draining        Necr           2%         2d6       99%         3


Dungeon Overview and Level Annotations

Branches:
Dungeon (5/15)             Temple (0/1) D:5

Altars:
Gozag
Nemelex Xobeh


Innate Abilities, Weirdness & Mutations

You have very sharp teeth.
Your uncanny sense of smell can sniff out nearby items.
Your experience applies equally to all skills.


Message History

You kill Ijyb!
Found a potion of brilliance.
C - a wand of flame (10)
Things that are here:
a +0 club; a +0 leather armour; the goblin corpse of Ijyb You see here a +0 short sword.
l - 2 potions of brilliance (gained 1)
Found a scroll labelled REUNIUR UGH.
Found a crooked runed staff and a robe.
v - 2 scrolls labelled REUNIUR UGH (gained 1)
Found a staircase to the Ecumenical Temple.
Found a stone staircase leading down.
An ogre comes into view. It is wielding a +0 giant spiked club.
The ogre shouts!
There is an open door here.
An ogre is nearby!
Found a great mace.
An orc comes into view. It is wielding a +1 vampiric trident.
The orc shouts!
There is an open door here.
An orc comes into view. It is wielding a +0 hand axe.
You barely miss the ogre.
An orc comes into view. It is wielding a +0 hand axe.
You block the ogre's attack.
The orc shouts!
You puncture the ogre!
The ogre is moderately wounded.
You hear a shout!
The ogre hits you with a +0 giant spiked club!!
Ouch! That really hurt!
You hit the ogre. You bite the ogre, but do no damage.
The ogre is moderately wounded.
You block the orc's attack.
The ogre hits you with a +0 giant spiked club!
* * * LOW HITPOINT WARNING * * *
You hit the ogre but do no damage.
The ogre is moderately wounded.
You block the orc's attack.
The ogre hits you with a +0 giant spiked club!
You die...

#...|# #.# .#..#
#...[# . ...)
#....# >...
#....##.#
....####........
8
..........#.##.#
.....##.##...#.#
#
#.#..#.o##...#..
#...>.ooO@...#
##
###..#..##...#
#∆ #..##...#
#..###### #...
#.## #. #.


You could see an ogre and 3 orcs.

Vanquished Creatures
  An orc priest (D:3)
  Ijyb (D:5)
  4 iguanas
  Robin (D:3)
  A howler monkey skeleton (D:3)
  8 gnolls
  2 adders
  An ufetubus (D:4)
  2 adder skeletons (D:4)
  2 worms (D:2)
  3 dart slugs
  6 orcs
  7 ball pythons
  6 endoplasms
  8 giant cockroaches
  8 goblins
  13 hobgoblins
  6 jackals
  4 kobolds
  5 quokkas
  4 bats
  4 frilled lizards
  5 rats
102 creatures vanquished.

Vanquished Creatures (others)
  An orc wizard (D:3)
1 creature vanquished.

Grand Total: 103 creatures vanquished

Notes
Turn   | Place    | Note
-------+----------+-------------------------------------------
     0 | D:1      | MisterFreud the Gnoll Fighter began the quest for the Orb.
     0 | D:1      | Reached XP level 1. HP: 23/23 MP: 1/1
   160 | D:1      | Reached XP level 2. HP: 29/29 MP: 2/2
   630 | D:1      | Reached XP level 3. HP: 35/35 MP: 3/3
   988 | D:2      | Reached skill level 1 in Invocations
   999 | D:2      | Reached skill level 1 in Long Blades
   999 | D:2      | Reached skill level 1 in Axes
   999 | D:2      | Reached skill level 1 in Maces & Flails
   999 | D:2      | Reached skill level 1 in Polearms
   999 | D:2      | Reached skill level 1 in Staves
   999 | D:2      | Reached skill level 1 in Slings
   999 | D:2      | Reached skill level 1 in Bows
   999 | D:2      | Reached skill level 1 in Crossbows
   999 | D:2      | Reached skill level 1 in Throwing
   999 | D:2      | Reached skill level 1 in Dodging
   999 | D:2      | Reached skill level 1 in Stealth
   999 | D:2      | Reached skill level 1 in Unarmed Combat
   999 | D:2      | Reached skill level 1 in Spellcasting
   999 | D:2      | Reached skill level 1 in Evocations
   999 | D:2      | Reached XP level 4. HP: 19/41 MP: 5/5
  1361 | D:2      | Reached skill level 1 in Conjurations
  1361 | D:2      | Reached skill level 1 in Hexes
  1361 | D:2      | Reached skill level 1 in Summonings
  1361 | D:2      | Reached skill level 1 in Necromancy
  1361 | D:2      | Reached skill level 1 in Translocations
  1361 | D:2      | Reached skill level 1 in Transmutations
  1361 | D:2      | Reached skill level 1 in Fire Magic
  1361 | D:2      | Reached skill level 1 in Ice Magic
  1361 | D:2      | Reached skill level 1 in Air Magic
  1361 | D:2      | Reached skill level 1 in Earth Magic
  1361 | D:2      | Reached skill level 1 in Poison Magic
  1549 | D:2      | Found an opulent altar of Gozag.
  1990 | D:3      | Reached XP level 5. HP: 47/47 MP: 5/7
  2110 | D:3      | Noticed Robin
  2125 | D:3      | Killed Robin
  2935 | D:4      | Reached XP level 6. HP: 47/53 MP: 8/8
  3041 | D:4      | Reached skill level 5 in Short Blades
  3504 | D:4      | Found a sparkling altar of Nemelex Xobeh.
  3561 | D:5      | Entered Level 5 of the Dungeon
  3645 | D:5      | Noticed Ijyb
  3664 | D:5      | Killed Ijyb
  3685 | D:5      | Found a staircase to the Ecumenical Temple.
  3698 | D:5      | Slain by an ogre

Illustrated notes

Levels and vault maps discovered:
D:1:      dpeg_arrival_connections, layout_loops_ring
D:2:      layout_basic, basic_altar, lemuel_old_faithful
D:3:      layout_loops_corners, chequers_serial_rivers_small_b, uniq_robin
D:4:      cheibrodos_quashed, layout_loops_ring, nemelex_dance_club_becter,
          kennysheep_crisscross
D:5:      cheibrodos_thug_alley, layout_basic,
          minmay_temple_entry_drinking_statues, hangedman_decor_points,
          minmay_fountain_box, uniq_duvessa, uniq_ijyb

Skill      XL: |  1  2  3  4  5  6 |
---------------+-------------------+-----
Invocations    | 1 2 |  2.4
Long Blades    | 1 2 |  2.1
Axes           | 1 2 |  2.1
Maces & Flails | 1 2 |  2.1
Polearms       | 1 2 |  2.1
Staves         | 1 2 |  2.1
Slings         | 1 2 |  2.1
Bows           | 1 2 |  2.1
Crossbows      | 1 2 |  2.1
Throwing       | 1 2 |  2.1
Dodging        | 1 2 |  2.1
Stealth        | 1 2 |  2.1
Unarmed Combat | 1 2 |  2.1
Spellcasting   | 1 2 |  2.1
Evocations     | 1 2 |  2.1
Conjurations   | 1 |  1.7
Hexes          | 1 |  1.7
Summonings     | 1 |  1.7
Necromancy     | 1 |  1.7
Translocations | 1 |  1.7
Transmutations | 1 |  1.7
Fire Magic     | 1 |  1.7
Ice Magic      | 1 |  1.7
Air Magic      | 1 |  1.7
Earth Magic    | 1 |  1.7
Poison Magic   | 1 |  1.7
Short Blades   | 5 |  5.1
Fighting       | |  6.9
Armour         | |  6.9
Shields        | |  6.9

Action                   |  1- 3 |  4- 6 || total
-------------------------+-------+-------++-------
Melee: Rapier            |   112 |   318 ||   430
       Bite              |    11 |    36 ||    47
  Use: Scroll            |       |     6 ||     6
Armor: Scale mail        |    33 |   108 ||   141
Dodge: Dodged            |    40 |    80 ||   120
Block: Kite shield       |    58 |   138 ||   196
